 Dungeon Crawl Stone Soup version 0.30-a0-1075-gcd70e7a56d (webtiles) character file.

Game seed: 18351790020544752571

338 juan097 the Sneak (level 6, 0/24 HPs)
             Began as a Felid Venom Mage on Apr 14, 2023.
             Slain by a gnoll
             ... wielding a +0 spear
              (10 damage)
             ... on level 4 of the Dungeon.
             The game lasted 00:11:36 (5609 turns).

juan097 the Sneak (Felid Venom Mage)                Turns: 5609, Time: 00:11:36

Health: 0/24       AC:  2    Str:  3 (4)  XL:     6   Next: 29%
Magic:  6/10       EV: 18    Int: 18 (19) God:
Gold:   225        SH:  0    Dex: 14 (16) Spells: 3/9 levels left
                                        Lives:  0   Deaths: 1

rFire   . . .      SeeInvis +    (weapon unavailable)
rCold   + . .      Faith    .    (shield unavailable)
rNeg    . . .      Spirit   .    (body armour unavailable)
rPois   .          Reflect  .    (helmet unavailable)
rElec   .          Rampage  .    (cloak unavailable)
rCorr   .                        (gloves unavailable)
Will    .....                    (boots unavailable)
Stlth   +++                      (no amulet)
HPRegen 0.24/turn                o - ring of protection from cold
MPRegen 0.12/turn                (no ring)

@: very slightly contaminated, quick
A: very small, claws 1, fangs 3, see invisible, speed 1, shaggy fur 2, stealthy
paws, no weapons or thrown items, no armour, multi-lived
a: no special abilities


You were on level 4 of the Dungeon.
You visited 1 branch of the dungeon, and saw 5 of its levels.

You collected 225 gold pieces.

Inventory:

Jewellery
 h - a ring of ice
 o - a ring of protection from cold (left paw)
 t - a ring of willpower
Wands
 p - a wand of flame (27)
 x - a wand of light (3)
Scrolls
 b - 3 scrolls of identify
 c - a scroll of fog
 e - a scroll of amnesia
 f - 2 scrolls of teleportation {unknown}
 j - a scroll of enchant weapon {unknown}
 k - 2 scrolls of enchant armour {unknown}
 m - 2 scrolls of fear {unknown}
 n - 2 scrolls of noise {unknown}
 r - a scroll of blinking {unknown}
 v - a scroll of magic mapping {unknown}
 w - 2 scrolls of poison {unknown}
Potions
 a - a potion of magic
 d - a potion of degeneration
 i - 2 potions of cancellation {unknown}
 l - a potion of resistance {unknown}
 q - a potion of haste {unknown}
 s - a potion of might {unknown}
 u - a potion of attraction {unknown}


   Skills:
 + Level 3.7 Dodging
 - Level 4.0 Stealth
 + Level 2.0 Spellcasting
 - Level 3.0 Conjurations
 - Level 2.0 Transmutations
 - Level 3.0 Air Magic
 - Level 4.0 Poison Magic


You had 3 spell levels left.
You knew the following spells:

 Your Spells              Type           Power      Damage    Failure   Level
a - Sting                 Tmut/Pois      48%        1d5       5%          1
b - Poisonous Vapours     Pois/Air       28%        N/A       6%          2
c - Mephitic Cloud        Conj/Pois/Air  13%        N/A       14%         3

Your spell library contained the following spells:

 Spells                   Type           Power      Damage    Failure   Level
 Olgreb's Toxic Radiance  Pois           16%        N/A       34%         4


Dungeon Overview and Level Annotations

Branches:
Dungeon (5/15)
 Temple: D:4-7

Altars:

Shops:
D:2 *


Innate Abilities, Weirdness & Mutations

You have sharp claws.
You have razor-sharp teeth.
You have supernaturally acute eyesight. (SInv)
You cover ground quickly. (Speed+)
You are covered in thick fur. (AC +2)
Your paws help you pounce on unaware monsters.
You are incapable of wielding weapons or throwing items.
You cannot wear armour.
You gain extra lives every three experience levels.


Message History

The gnoll hits you with a +0 spear. The gnoll misses you.
You are too injured to fight recklessly!
Casting: Sting (safe; 5% risk of failure)
Confirm with . or Enter, or press ? or * to list all spells.
Aiming: Sting (safe; 5% risk of failure)
Press: ? - help, Shift-Dir - straight line, f - gnoll
Aim: a gnoll, wielding a +0 spear (75% to hit)
The sting hits the gnoll but does no damage.
The gnoll is poisoned.
The gnoll hits you with a +0 spear.
* * * LOW HITPOINT WARNING * * *
The gnoll misses you.
Casting: Sting (safe; 5% risk of failure)
Confirm with . or Enter, or press ? or * to list all spells.
Aiming: Sting (safe; 5% risk of failure)
Press: ? - help, Shift-Dir - straight line, f/p - gnoll
Aim: a gnoll, wielding a +0 spear (lightly wounded, poisoned, 75% to hit)
The sting hits the gnoll.
The gnoll looks even sicker.
The gnoll is heavily wounded.
The gnoll misses you. x2
Unknown command.
Casting: Sting (safe; 5% risk of failure)
Confirm with . or Enter, or press ? or * to list all spells.
Aiming: Sting (safe; 5% risk of failure)
Press: ? - help, Shift-Dir - straight line, f/p - gnoll
Aim: a gnoll, wielding a +0 spear (heavily wounded, very poisoned, 75% to hit)
The sting misses the gnoll.
The gnoll barely misses you. The gnoll misses you.
Unknown command.
Casting: Sting (safe; 5% risk of failure)
Confirm with . or Enter, or press ? or * to list all spells.
Aiming: Sting (safe; 5% risk of failure)
Press: ? - help, Shift-Dir - straight line, f/p - gnoll
Aim: a gnoll, wielding a +0 spear (heavily wounded, very poisoned, 75% to hit)
You miscast Sting.
You are very lightly contaminated with residual magic.
Nothing appears to happen.
The gnoll misses you. The gnoll hits you with a +0 spear.
* * * LOW HITPOINT WARNING * * *
Okay, then.
It was a potion of curing.
You feel better. The gnoll hits you with a +0 spear!
You die...

#<####........
#....+........
#..###........
#########..#..#.####..
#...(......#..#.# #..
#.#####....[.##.####..
#.#.>........)........
#.#.#g##.#.#.#######..
#...#@g...............
########.#####.#######
#.......# #########


You could see 2 gnolls.

Vanquished Creatures
  Sigmund (D:4)
  A hound (D:4)
  An orc priest (D:4)
  Jessica (D:2)
  2 orc wizards
  2 adders (D:3)
  A worm (D:2)
  3 dart slugs
  10 orcs
  8 ball pythons
  7 endoplasms
  3 giant cockroaches
  4 goblins
  9 hobgoblins
  2 quokkas
  4 bats
  3 frilled lizards
  5 kobolds
  4 rats
71 creatures vanquished.

Vanquished Creatures (others)
  An orc wizard (D:4)
  A demonic plant (D:2)
2 creatures vanquished.

Grand Total: 73 creatures vanquished

Notes
Turn   | Place    | Note
-------+----------+-------------------------------------------
     0 | D:1      | juan097 the Felid Venom Mage began the quest for the Orb.
     0 | D:1      | Reached XP level 1. HP: 7/7 MP: 4/4
   350 | D:1      | Reached XP level 2. HP: 11/11 MP: 6/6
   497 | D:1      | Learned a level 2 spell: Poisonous Vapours
  1430 | D:2      | Reached XP level 3. HP: 9/14 MP: 2/7
  1479 | D:2      | Found Peof's General Store.
  1738 | D:2      | Noticed Jessica
  2168 | D:2      | Killed Jessica
  2169 | D:2      | Reached skill level 1 in Air Magic
  2169 | D:2      | Reached XP level 4. HP: 18/18 MP: 1/8
  2515 | D:2      | Found a faded altar of an unknown god.
  2875 | D:3      | Learned a level 3 spell: Mephitic Cloud
  4042 | D:3      | Reached XP level 5. HP: 16/21 MP: 0/9
  4319 | D:4      | Noticed Sigmund
  4498 | D:4      | Slain by Sigmund
  4499 | D:4      | Reached XP level 4. HP: 0/18 MP: 0/8
  4511 | D:4      | Killed Sigmund
  4512 | D:4      | Reached XP level 5. HP: 21/21 MP: 9/9
  5000 | D:4      | Gained mutation: You are covered in thick fur. (AC +2)
                  | [Felid growth]
  5000 | D:4      | Reached XP level 6. HP: 24/24 MP: 4/10
  5600 | D:5      | Entered Level 5 of the Dungeon
  5609 | D:4      | Slain by a gnoll

Illustrated notes

Levels and vault maps discovered:
D:1:      minmay_arrival_up_and_down, layout_loops_ring
D:2:      layout_basic, dreamdust_ecumenical_altar_sealed_demon, serial_shops,
          nicolae_diamond_shop, uniq_jessica
D:3:      layout_basic
D:4:      layout_basic, uniq_sigmund
D:5:      layout_loops_corners, minmay_checkerbox, uniq_pikel, uniq_duvessa

Skill      XL: |  1  2  3  4  5  6 |
---------------+-------------------+-----
Stealth        | 3 4 |  4.0
Poison Magic   | 3 4 |  4.0
Transmutations | 2 |  2.0
Air Magic      | 1 3 |  3.0
Conjurations   | 2 3 |  3.0
Dodging        | 3 |  3.7
Spellcasting   | |  2.0

Action                     |  1- 3 |  4- 6 || total
---------------------------+-------+-------++-------
  Melee: Unarmed           |    11 |    14 ||    25
         Bite              |     2 |     1 ||     3
   Cast: Sting             |    41 |    31 ||    72
         Poisonous Vapours |    26 |    88 ||   114
    Use: Potion            |       |     3 ||     3
         Scroll            |       |     2 ||     2
   Stab: Sleeping          |     3 |     4 ||     7
 Armour: Skin              |       |     3 ||     3
  Dodge: Dodged            |    19 |    45 ||    64

Table legend: (Time is in decaauts)
 A = Elapsed time spent in this place.
 B = Non-inter-level travel time spent in this place.
 C = Inter-level travel time spent in this place.
 D = Time resting spent in this place.
 E = Time spent auto-exploring this place.
 F = Levels seen in this place.
 G = Mean time per level.
                   A        B        C        D        E       F      G
               +--------+--------+--------+--------+--------+-----+--------+
         Total |   5062 |   4804 |    258 |    111 |   3937 |   5 | 1012.4 |
       Dungeon |   5062 |   4804 |    258 |    111 |   3937 |   5 | 1012.4 |
               +--------+--------+--------+--------+--------+-----+--------+

Top non-repeatable levels by time:
     D:3: 1642 daAuts
     D:2: 1483 daAuts
     D:1: 1062 daAuts
     D:4: 872 daAuts
     D:5: 1 daAuts
